AoeStats
← Chris77A

MegaRandom

503820720Analyzed
2v2 RM · 29d ago on Sep 2, 2026· 39m 27s· 4 players
Game mode
Random Map
Map size
Medium (4 player)
Population
200
Speed
Normal
Resources
Standard
Victory
Conquest
Starting age
Dark Age
Ending age
Imperial Age
RankedLock teamsTeams togetherTeam positionsShared explorationLock speedFull tech treeHidden civsTurbo modeCheats
Victory
Defeat
🇩🇪 Koreans · Germany
1167
+19
🇩🇪 Lithuanians · Germany
1162
+19
🇬🇧 Berbers · United Kingdom
1240
-19
🇬🇧 Byzantines · United Kingdom
1206
-18
Chris77A
4:34 Loom
10:23 Feudal Age
16:54 Castle Age
19:00 Double-Bit Axe
21:36 Scale Barding Armor
23:36 Elite Skirmisher
24:35 Fletching
24:39 Elite Skirmisher
27:25 Forging
28:49 Thumb Ring
29:49 Bodkin Arrow
32:44 Wheelbarrow
40:40 Imperial Age
39:53 Hand Cart
DrunkMonk
5:19 Loom
11:08 Feudal Age
12:08 Double-Bit Axe
13:15 Forging
14:36 Scale Barding Armor
21:27 Castle Age
19:56 Horse Collar
35:26 Bow Saw
35:13 Fletching
Ibu
9:55 Feudal Age
9:43 Loom
15:25 Castle Age
13:48 Double-Bit Axe
14:38 Horse Collar
15:25 Scale Mail Armor
21:21 Fervor
22:14 Husbandry
23:29 Bloodlines
24:06 Forging
25:03 Sanctity
29:22 Heavy Plow
33:52 Imperial Age
32:46 Herbal Medicine
35:04 Iron Casting
34:34 Scale Barding Armor
34:32 Elite Leitis
35:07 Capped Ram
37:19 Theocracy
36:41 Cavalier
39:35 Wheelbarrow
38:45 Town Watch
38:36 Paladin
π t
6:58 Loom
9:26 Feudal Age
10:52 Double-Bit Axe
10:48 Horse Collar
14:42 Fletching
19:56 Wheelbarrow
20:27 Town Watch
23:37 Castle Age
24:38 Bow Saw
24:28 Heavy Plow
27:17 Scale Mail Armor
28:37 Squires
28:22 Gambesons
28:55 Chain Mail Armor
30:12 Stone Mining
Connection lost

Rejoining the realm…

Still unreachable

The connection could not be restored.

Session expired

The server has moved on; the page needs a fresh start.